 Dungeon Crawl Stone Soup version 0.25.0-10-g039870ee82 (webtiles) character file.

Game seed: 1477220881438294695

317 Krehm the Sneak (level 6, -1/75 HPs)
             Began as a Naga Enchanter on June 23, 2020.
             Was an Initiate of Dithmenos.
             Slain by a gnoll
             ... wielding a +0 spear
              (3 damage)
             ... on level 5 of the Dungeon.
             The game lasted 00:26:37 (6141 turns).

Krehm the Sneak (Naga Enchanter)                    Turns: 6141, Time: 00:26:38

Health: -1/75      AC: 15    Str: 10    XL:     6   Next: 45%
Magic:  8/11       EV:  1    Int: 18    God:    Dithmenos [......]
Gold:   213        SH:  0    Dex: 11    Spells: 3/12 levels left

rFire    . . .     SeeInvis +   k - +1 dagger (vamp)
rCold    . . .     Gourm    .   (no shield)
rNeg     + + +     Faith    .   (armour currently unavailable)
rPois    +         Spirit   .   (helmet currently unavailable)
rElec    .         Reflect  .   (cloak currently unavailable)
rCorr    .         Harm     .   (gloves currently unavailable)
MR       .....     NoTele   +   (no barding)
Stlth    +++.......             (no amulet)
HPRegen  0.22/turn              (no ring)
MPRegen  0.12/turn              (no ring)

@: tree-form (expiring), corroded
A: large, see invisible, slow metabolism 1, spit poison 1, AC +2
a: Spit Poison, Renounce Religion


You were on level 5 of the Dungeon.
You worshipped Dithmenos.
Dithmenos was noncommittal.
You were not hungry.
You were a tree.
You visited 2 branches of the dungeon, and saw 6 of its levels.

You collected 213 gold pieces.

Inventory:

Hand Weapons
 k - a +1 vampiric dagger (weapon)
 m - a +2 vorpal hunting sling
 o - a +2 whip of electrocution
 s - a +6 spear
 v - a +2 vampiric trident
Missiles
 f - 3 javelins (quivered)
 n - 89 stones
Armour
 b - a +0 robe (melded)
 l - a +1 chain mail of positive energy
 r - a +1 pair of gloves (melded)
Wands
 u - a wand of polymorph (11)
Scrolls
 a - a scroll of magic mapping {unknown}
 c - 3 scrolls of remove curse
 g - a scroll of amnesia {unknown}
 h - a scroll of blinking {unknown}
 i - 6 scrolls of teleportation
 p - 2 scrolls of enchant armour {unknown}
 q - 2 scrolls of enchant weapon {unknown}
 t - a scroll of fear {unknown}
Potions
 j - a potion of resistance
 w - a potion of cancellation
Comestibles
 d - 7 rations


   Skills:
 + Level 0.9 Fighting
 - Level 1.0 Short Blades
 - Level 1.5 Dodging
 + Level 6.6 Stealth
 + Level 3.5 Spellcasting
 + Level 4.3 Hexes
 - Level 2.0 Ice Magic
 + Level 0.8 Evocations


You had 3 spell levels left.
You knew the following spells:

 Your Spells              Type           Power        Failure   Level  Hunger
a - Corona                Hex            ###....      2%          1    None
b - Ensorcelled Hibernat  Hex/Ice        ##....       6%          2    ##.....
c - Confusing Touch       Hex            ###.....     8%          3    ###....
d - Tukima's Dance        Hex            ###.....     8%          3    ###....

Your spell library contained the following spells:

 Spells                   Type           Power        Failure   Level  Hunger
 Dazzling Flash           Conj/Hex       ##....       19%         3    ###....


Dungeon Overview and Level Annotations

Branches:
Dungeon (5/15)             Temple (1/1) D:4

Altars:
Ashenzari
Dithmenos
Elyvilon
Fedhas
Gozag
Kikubaaqudgha
Makhleb
Nemelex Xobeh
Okawaru
Qazlal
Ru
Sif Muna
Uskayaw
Vehumet
Wu Jian
Zin
The Shining One

Shops:
D:4 =

Annotations:
D:3 exclusion: eye of draining


Innate Abilities, Weirdness & Mutations

You cannot wear boots.
((Your serpentine skin is tough. (AC +2)))
You have supernaturally acute eyesight. (SInv)
((Armour fits poorly on your strangely shaped body.))
((Your system is resistant to poisons. (rPois)))
((You cover ground very slowly.))
You have a slow metabolism.
You can spit poison.


Message History

You hit the worm but do no damage.
The worm is severely wounded.
The gnoll hits you but does no damage. The jelly hits you but does no damage.
You hit the jelly but do no damage. The acid corrodes you!
Your branches burn!
* * * LOW HITPOINT WARNING * * *
The jelly is almost dead.
The worm bites you.
* * * LOW HITPOINT WARNING * * *
The gnoll hits you but does no damage. The jelly hits you but does no damage.
Okay, then.
Okay, then.
Okay, then.
Throwing (i - inventory. (/) - cycle)
f - 4 javelins (quivered)
Press: ? - help, Shift-Dir - straight line, f/p - gnoll
Aim: a gnoll, wielding a +0 spear You throw a javelin.
The javelin barely misses the worm.
The javelin barely misses the gnoll.
The gnoll hits you but does no damage. The jelly hits you but does no damage.
The worm bites you but does no damage.
The gnoll hits you from afar with a +0 spear.
You die...

#...#..##...## #..#
#.≈.#..##.....##..#
#...#............##
≈.≈.≈.......##...# ###
.≈.≈...........####..##
.......[........##..$.#
.........#####.##....#
...##....# #...J..#
..###...(# #..♣w.###
...#...........###g..#
......<#....#### ##...#
####...#...# ...(# .#
...... .....# ## ##Y.
.....# # (.#...# .
#.....# .. .. ..#


You could see a worm, a jelly and a gnoll.

Vanquished Creatures
  A crimson imp (D:2)
  An orc wizard (D:3)
  2 worker ants
  An iguana (D:4)
  A gnoll (D:5)
  7 adders
  An ooze (D:4)
  An adder skeleton (D:4)
  A worm (D:5)
  A dart slug (D:1)
  A leopard gecko (D:3)
  7 orcs
  10 bats
  5 giant cockroaches
  8 hobgoblins
  12 jackals
  2 quokkas (D:5)
  A ball python (D:4)
  9 frilled lizards
  7 goblins
  A jackal skeleton (D:4)
  7 kobolds
  7 rats
94 creatures vanquished.

Vanquished Creatures (collateral kills)
  An orc (D:3)
1 creature vanquished.

Vanquished Creatures (others)
  A hobgoblin (D:2)
  A quokka (D:2)
2 creatures vanquished.

Grand Total: 97 creatures vanquished

Notes
Turn   | Place    | Note
-------+----------+-------------------------------------------
     0 | D:1      | Krehm the Naga Enchanter began the quest for the Orb.
     0 | D:1      | Reached XP level 1. HP: 15/15 MP: 3/3
   467 | D:1      | Reached XP level 2. HP: 13/22 MP: 5/5
   471 | D:1      | Learned a level 2 spell: Ensorcelled Hibernation
  1211 | D:1      | Reached skill level 5 in Stealth
  1937 | D:2      | Reached XP level 3. HP: 28/28 MP: 6/6
  1953 | D:2      | Learned a level 3 spell: Confusing Touch
  1962 | D:2      | Found a shattered altar of Ashenzari.
  2098 | D:2      | Found a white marble altar of Elyvilon.
  2617 | D:2      | Found a burning altar of Makhleb.
  2755 | D:2      | Reached skill level 1 in Ice Magic
  2755 | D:2      | Reached XP level 4. HP: 18/36 MP: 3/8
  3280 | D:3      | Found a faded altar of an unknown god.
  3668 | D:3      | Reached XP level 5. HP: 42/42 MP: 9/9
  3674 | D:3      | Learned a level 3 spell: Tukima's Dance
  3723 | D:3      | Noticed an eye of draining
  4032 | D:3      | Reached skill level 6 in Stealth
  4537 | D:4      | Found a radiant altar of Vehumet.
  4747 | D:4      | Found Plog's Jewellery Shoppe.
  4800 | D:4      | Found an opulent altar of Gozag.
  4913 | D:4      | Reached XP level 6. HP: 39/49 MP: 11/11
  5357 | D:4      | Found a staircase to the Ecumenical Temple.
  5363 | Temple   | Entered the Ecumenical Temple
  5550 | Temple   | Became a worshipper of Dithmenos the Shadowed
  5690 | D:5      | Entered Level 5 of the Dungeon
  6028 | D:5      | Noticed an ice beast
  6034 | D:5      | Found a sacrificial altar of Ru.
  6140 | D:5      | HP: 3/75 [acid (3)]
  6140 | D:5      | HP: 1/75 [worm (2)]
  6141 | D:5      | Slain by a gnoll

Illustrated notes

Levels and vault maps discovered:
D:1:      minmay_arrival_glassed_features, layout_loops_corners,
          chequers_serial_rivers_small_b
D:2:      layout_rooms, ashenzari_conservatory_becter, elyvilon_altar_4,
          lightli_temple_of_fire
D:3:      lemuel_upstairs_altar, layout_basic, trog_eyes_of_draining,
          first_ration, chequers_ecumenical_altar_simple_redux,
          mrwooster_statue_mirror
D:4:      layout_rooms, kennysheep_mini_moat,
          nicolae_gozag_cash_rules_everything_around_me,
          minmay_temple_entry_fiery, serial_shops, nicolae_shop_behind_doors
D:5:      layout_cave_pools, nicolae_ru_path_of_blood, kennysheep_mini
Temple:   minmay_temple_curvy_loop

Skill      XL: |  1  2  3  4  5 |
---------------+----------------+-----
Stealth        | 5 6 |  6.6
Ice Magic      | 1 2 |  2.0
Spellcasting   | 3 |  3.5
Hexes          | 4 |  4.3
Fighting       | |  0.9
Short Blades   | |  1.0
Dodging        | |  1.5
Evocations     | |  0.8

Action                   |  1- 3 |  4- 6 || total
-------------------------+-------+-------++-------
Melee: Dagger            |   173 |   246 ||   419
Throw: Javelin           |       |     2 ||     2
 Cast: Corona            |    15 |    14 ||    29
       Confusing Touch   |     2 |    10 ||    12
       Ensorcelled Hiber |       |     3 ||     3
       Tukima's Dance    |       |     1 ||     1
 Abil: Spit Poison       |       |     2 ||     2
  Use: Scroll            |       |     6 ||     6
       Potion            |       |     1 ||     1
 Stab: Sleeping          |     9 |    13 ||    22
       Confused          |     2 |     7 ||     9
  Eat: Chunk             |     4 |    11 ||    15
Armor: Robe              |    26 |    71 ||    97
       Skin              |       |    20 ||    20
Dodge: Dodged            |    79 |   133 ||   212
